Map: Blackburn LE

Players

Reynor - Winner!

  • Race: Zerg Zerg

uThermal

  • Race: Terran Terran

Event: DreamHack SC2 Masters 2021 Winter

VOD

Have the link to the VOD?

Description

Time

  • Played on: Oct. 14, 2021, 1:43 p.m.
  • Length: 15:47

All games in this series

Show
View Real Time Build Order
Export as new Build Order

Reynor Zerg - Winner!

Build Orders: Hatch First 

Get SALT Encoding   

  12  0:00  Drone  
  13  0:12  Overlord  
  13  0:16  Drone  
  14  0:30  Drone  
  14  0:31  Drone  
  16  0:49  Hatchery  
  15  0:51  Drone  
  15  0:55  Drone  
  17  0:58  Drone  
  18  1:08  Extractor  
  17  1:13  Spawning Pool  
  17  1:17  Drone  
  17  1:20  Drone  
  18  1:28  Drone  
  19  1:39  Drone  
  20  2:01  Zergling x6  
  20  2:02  Queen x2  
  27  2:10  Overlord  
  27  2:15  Drone  
  28  2:29  Drone x2  
  30  2:32  Overlord  
  30  2:34  Drone  
  31  2:41  Queen  
  33  2:44  Drone x2  
  33  2:50  Queen  
  37  2:53  Drone  
  37  2:54  Drone  
  38  3:04  Drone  
  39  3:11  Hatchery  
  38  3:13  Drone x2  
  38  3:17  Roach Warren  
  39  3:21  Overlord  
  39  3:25  Drone x2  
  41  3:31  Overlord  
  41  3:59  Roach x7  
  41  4:01  Overlord  
  55  4:07  Roach x2  
  59  4:10  Overlord  
  59  4:16  Drone  
  60  4:18  Overlord  
  60  4:20  Drone x3, Queen  
  60  4:22  Drone  
  66  4:30  Queen, Overlord  
  68  4:32  Drone  
  69  4:38  Lair  
  69  4:40  Drone  
  69  4:42  Drone  
  71  4:47  Drone, Spore Crawler  
  71  4:51  Drone, Spore Crawler  
  71  4:55  Drone x2  
  71  4:57  Drone  
  71  4:58  Drone  
  73  5:02  Drone, Spore Crawler  
  73  5:04  Drone  
  73  5:06  Drone  
  71  5:10  Drone x2  
  71  5:13  Drone x2  
  76  5:14  Drone  
  76  5:22  Drone x4  
  76  5:27  Drone x3  
  83  5:28  Extractor  
  83  5:30  Drone, Extractor  
  83  5:31  Extractor  
  83  5:33  Evolution Chamber  
  81  5:36  Overlord  
  81  5:39  Overseer  
  81  5:42  Evolution Chamber x2  
  79  5:43  Drone x4  
  79  5:44  Drone x3  
  79  5:46  Drone x2, Overseer  
  79  5:49  Drone  
  89  5:52  Extractor  
  89  5:53  Extractor  
  89  5:55  Overlord  
  87  5:57  Drone x2  
  87  5:58  Glial Reconstitution  
  89  6:08  Drone x3  
  89  6:09  Drone  
  90  6:15  Evolution Chamber  
  90  6:18  Hatchery  
  89  6:19  Drone x3  
  89  6:22  Drone  
  89  6:23  Drone  
  89  6:24  Drone x4  
  97  6:28  Overlord  
  97  6:33  Zerg Ground Armor Level 1  
  95  6:44  Zerg Missile Weapons Level 1  
  95  6:45  Drone x2  
  95  6:52  Overseer  
  95  6:56  Roach x7  
  95  6:57  Roach  
  95  7:00  Overlord  
  111  7:01  Drone  
  111  7:02  Drone x2  
  114  7:09  Overlord  
  114  7:17  Drone, Spore Crawler  
  114  7:18  Overlord  
  114  7:20  Drone x6  
  114  7:21  Drone, Spore Crawler  
  120  7:26  Roach  
  120  7:28  Drone  
  120  7:29  Drone, Spore Crawler  
  123  7:31  Ravager x3, Baneling Nest  
  123  7:32  Infestation Pit, Roach x3  
  123  7:35  Roach  
  132  7:39  Roach  
  132  7:41  Overlord  
  132  7:43  Roach  
  136  7:55  Drone x2  
  136  7:58  Overlord  
  136  8:08  Hive  
  136  8:09  Hatchery  
  136  8:10  Roach x4  
  143  8:13  Overlord  
  143  8:15  Centrifugal Hooks  
  143  8:20  Overlord  
  143  8:26  Metabolic Boost  
  143  8:27  Roach  
  143  8:28  Roach x3, Zerg Ground Armor Level 2  
  143  8:30  Overlord  
  151  8:38  Drone x3  
  151  8:39  Drone x4  
  158  8:42  Zerg Melee Weapons Level 1  
  158  8:43  Extractor  
  158  8:45  Zergling x2, Overlord  
  158  8:46  Zergling x14  
  165  8:55  Zergling x20  
  175  9:04  Zergling x8  
  175  9:06  Overseer  
  179  9:12  Zergling x6  
  179  9:16  Overlord  
  182  9:20  Viper  
  182  9:21  Viper  
  188  9:24  Ultralisk Cavern  
  188  9:28  Baneling x15  
  188  9:30  Spore Crawler  
  186  9:31  Spore Crawler  
  186  9:36  Zergling x20  
  195  9:42  Drone x3  
  195  9:44  Adrenal Glands  
  195  9:45  Roach  
  181  10:16  Zergling x32  
  181  10:17  Zergling x4  
  181  10:20  Zergling x2  
  177  10:27  Ultralisk x4, Queen  
  194  10:33  Ultralisk Cavern  
  192  10:35  Overlord x2  
  192  10:36  Overlord x3  
  192  10:37  Baneling x9  
  187  10:43  Drone x3  
  187  10:44  Extractor  
  187  10:45  Extractor  
  188  10:56  Queen  
  190  10:59  Drone x6  
  190  11:00  Drone, Zergling x6  
  190  11:01  Zergling x10  
  200  11:06  Drone x2  
  199  11:12  Zerg Melee Weapons Level 2  
  199  11:13  Zerg Ground Armor Level 3  
  198  11:24  Chitinous Plating  
  189  11:42  Zergling x34, Roach  
  191  11:48  Zergling x12  
  191  11:50  Zergling x4  
  193  11:55  Drone x2  
  193  11:56  Drone x3  
  193  11:58  Ravager x2  
  193  11:59  Ravager  
  195  12:03  Drone  
  196  12:09  Baneling x15  
  196  12:10  Drone x3  
  196  12:12  Spore Crawler  
  193  12:23  Hatchery  
  193  12:27  Zergling x32  
  195  12:33  Ultralisk, Zergling x8  
  195  12:34  Spire  
  188  12:38  Viper x3  
  188  12:43  Zergling x2  
  188  12:44  Zergling x8  
  196  12:49  Baneling x12  
  196  12:51  Zergling x4  
  196  12:52  Zergling x2  
  185  13:14  Ultralisk x2, Zergling x12  
  193  13:29  Zergling x10  
  193  13:30  Zergling x26  
  193  13:32  Drone x4, Queen  
  198  13:41  Ultralisk, Zergling x2  
  189  13:59  Zergling x22  
  180  14:13  Ultralisk  
  180  14:14  Ultralisk, Zergling x16  
  173  14:18  Zergling x2  
  173  14:24  Anabolic Synthesis  
  169  14:25  Zergling x2, Roach x2  
  169  14:26  Zergling x6  
  169  14:28  Queen  
  175  14:32  Zergling x4  
  175  14:35  Zergling x6  
  175  14:38  Infestor  
  171  14:41  Baneling  
  171  14:42  Baneling x7  
  173  14:46  Zergling x2  
  173  14:47  Ultralisk x2, Zergling x6  
  189  14:53  Drone  
  189  14:59  Baneling  
  190  15:00  Baneling x10  
  190  15:05  Baneling x6  
  190  15:06  Zergling x14  
  198  15:07  Ravager x2  
  198  15:09  Hatchery  
  198  15:12  Spore Crawler  
  197  15:27  Zergling x6  
Show
View Real Time Build Order
Export as new Build Order

uThermal Terran 

Build Orders: Command Center First (CC), Hellion Banshee 

Get SALT Encoding   

  12  0:00  SCV  
  13  0:12  SCV  
  14  0:17  Supply Depot  
  14  0:24  SCV  
  15  0:38  SCV  
  16  0:50  SCV  
  17  1:00  Command Center  
  17  1:03  SCV  
  18  1:09  Refinery  
  18  1:15  SCV  
  19  1:23  Barracks  
  19  1:27  SCV  
  20  1:39  SCV  
  21  1:52  SCV  
  22  2:10  Reaper  
  22  2:11  Orbital Command x2  
  23  2:28  Factory  
  23  2:35  Command Center  
  23  2:37  SCV  
  24  2:40  Orbital Command  
  24  2:44  Refinery  
  24  2:47  Barracks Reactor  
  24  2:49  SCV  
  25  3:01  SCV  
  25  3:04  Engineering Bay  
  25  3:05  SCV  
  26  3:13  SCV  
  26  3:17  SCV  
  26  3:19  Supply Depot  
  28  3:20  Starport  
  28  3:25  SCV  
  31  3:27  Hellion x2  
  31  3:29  SCV  
  31  3:32  Barracks Tech Lab  
  34  3:37  SCV  
  36  3:41  SCV  
  38  3:48  Hellion  
  38  3:49  Hellion, SCV, Orbital Command  
  38  3:53  SCV  
  42  3:59  Marine  
  42  4:01  SCV  
  42  4:02  Cloaking Field, Banshee  
  47  4:05  SCV  
  47  4:11  Hellion  
  47  4:13  Hellion, SCV  
  52  4:17  SCV  
  52  4:18  SCV  
  52  4:19  Supply Depot  
  52  4:20  Barracks Tech Lab  
  54  4:28  Supply Depot  
  54  4:32  Hellion  
  54  4:34  Engineering Bay  
  54  4:35  Hellion  
  58  4:39  Marine  
  58  4:43  SCV  
  58  4:44  Bunker  
  58  4:45  Banshee  
  63  4:47  Stimpack  
  63  4:48  SCV x2  
  65  4:54  Supply Depot  
  65  4:55  SCV  
  65  4:57  Marine  
  70  5:01  SCV x2  
  66  5:09  SCV  
  66  5:12  Barracks  
  66  5:13  SCV  
  68  5:15  Supply Depot, Barracks  
  68  5:17  Supply Depot, Marine  
  68  5:19  Factory Reactor  
  70  5:23  Engineering Bay  
  70  5:24  SCV, Engineering Bay  
  70  5:28  Refinery x2  
  70  5:29  SCV  
  70  5:33  Orbital Command  
  69  5:36  SCV  
  69  5:38  Marauder  
  69  5:41  SCV  
  73  5:43  Starport Reactor  
  73  5:48  SCV  
  73  5:49  Barracks  
  74  5:51  Terran Infantry Weapons Level 1, Terran Infantry Armor Level 1  
  74  5:53  SCV, Barracks  
  75  5:59  SCV  
  75  6:00  Supply Depot, SCV  
  75  6:01  Marine x2  
  79  6:05  SCV, Siege Tank  
  79  6:07  Marine  
  84  6:11  Marine  
  84  6:13  SCV  
  84  6:14  SCV, Marine  
  88  6:19  Medivac, Marine x2  
  88  6:20  Medivac  
  92  6:27  SCV  
  92  6:29  SCV  
  92  6:30  Marine x2  
  92  6:31  Supply Depot  
  96  6:34  SCV, Marine  
  96  6:38  Marine  
  99  6:41  SCV  
  99  6:43  Barracks Reactor x2  
  99  6:44  Siege Tank  
  99  6:45  SCV  
  104  6:48  Supply Depot, Marine  
  104  6:49  Combat Shield  
  105  6:55  Supply Depot, SCV x2  
  105  6:56  Marine x2  
  105  6:57  Marine  
  105  6:58  SCV, Marine  
  112  7:02  Supply Depot  
  112  7:04  Medivac  
  112  7:05  Marine  
  112  7:07  Medivac  
  117  7:10  Refinery  
  117  7:14  Supply Depot, Marine x2  
  117  7:15  Bunker, Marine  
  119  7:16  Supply Depot  
  119  7:19  Siege Tank  
  123  7:24  Marine  
  123  7:25  Marine x2  
  123  7:26  Missile Turret  
  123  7:29  SCV, Marine x2, Armory  
  127  7:31  Marine  
  127  7:33  Marine x2  
  132  7:37  Supply Depot  
  132  7:38  Supply Depot  
  132  7:39  Marine  
  132  7:42  Marine x2  
  135  7:44  Supply Depot  
  135  7:48  Medivac, Marine x2  
  135  7:50  Marauder  
  141  7:53  Marine  
  141  7:56  Siege Tank  
  141  7:58  Marine x2  
  139  7:59  SCV  
  139  8:04  Marine  
  139  8:05  Marine x2  
  143  8:06  Marine  
  143  8:11  Marauder, Marine x2  
  143  8:12  Concussive Shells  
  148  8:20  Terran Infantry Weapons Level 2  
  148  8:22  Supply Depot  
  148  8:23  Terran Infantry Armor Level 2  
  148  8:25  Marine x4  
  150  8:28  Supply Depot  
  150  8:31  Marine x3  
  150  8:32  Marauder  
  155  8:35  Siege Tank  
  155  8:39  Missile Turret x2  
  158  8:42  Medivac  
  160  8:54  Marauder  
  162  8:56  Supply Depot  
  162  9:01  Marine x3  
  165  9:06  Command Center  
  165  9:07  Siege Tank  
  168  9:10  Supply Depot  
  168  9:16  Marine x2  
  172  9:17  Marauder  
  172  9:23  Terran Vehicle Weapons Level 1  
  174  9:24  Marine  
  174  9:26  Barracks x2  
  174  9:27  Barracks  
  174  9:29  Marine x2  
  174  9:30  Supply Depot  
  177  9:39  Medivac, Siege Tank  
  177  9:40  Marauder, Marine  
  179  9:53  Marine  
  180  10:02  Marauder, Marine  
  180  10:04  Marine  
  180  10:05  Command Center  
  177  10:08  Medivac  
  177  10:11  Siege Tank  
  169  10:18  Medivac, Marine x2  
  169  10:20  Marine x2  
  144  10:23  Marauder, Marine  
  144  10:25  Barracks Tech Lab x3  
  147  10:30  SCV  
  147  10:31  Marine x2  
  147  10:34  Marine  
  149  10:35  SCV  
  149  10:36  Marine x2  
  149  10:38  Marine  
  149  10:39  Marine  
  149  10:42  SCV  
  153  10:43  Terran Infantry Weapons Level 3, Terran Infantry Armor Level 3, Siege Tank  
  153  10:45  Marauder  
  160  10:50  Marauder x2  
  160  10:51  Marauder, SCV  
  160  10:53  Marine  
  166  10:59  Marine  
  166  11:04  SCV x2  
  166  11:06  Marauder, Planetary Fortress  
  166  11:08  Marine  
  173  11:11  Marauder x2  
  171  11:22  Marauder, Marine x3  
  171  11:25  SCV x2  
  174  11:27  Marauder, Marine  
  174  11:28  Medivac, Marine  
  174  11:29  Marine  
  181  11:33  Marine  
  181  11:34  Marauder  
  181  11:37  Siege Tank  
  166  11:45  Marauder, Marine  
  157  11:51  Planetary Fortress  
  157  11:52  Marine x2  
  157  11:53  Marauder  
  159  11:56  Marauder, Marine x4  
  159  11:58  SCV  
  159  11:59  Liberator  
  159  12:00  SCV x2  
  170  12:01  SCV  
  170  12:05  Marine  
  170  12:06  Marine x2  
  170  12:07  Marauder  
  175  12:10  Marine  
  175  12:13  Missile Turret, Medivac  
  175  12:14  Marauder, Marine x2  
  175  12:15  SCV, Marine  
  183  12:18  Marauder  
  183  12:20  Marine  
  185  12:24  Marauder  
  185  12:27  Marine  
  185  12:28  Marauder  
  181  12:30  Siege Tank, Marine x2  
  176  12:37  Marine x2  
  176  12:38  Marauder  
  176  12:39  SCV  
  176  12:41  Marine  
  176  12:42  Marauder  
  183  12:48  Supply Depot, Bunker  
  183  12:49  Refinery  
  183  12:50  Command Center  
  183  12:58  Liberator  
  186  13:02  Siege Tank  
  186  13:05  Marine  
  192  13:06  Marauder  
  192  13:10  Marine  
  192  13:11  Marauder  
  178  13:18  SCV x2  
  178  13:31  Liberator  
  158  13:34  Siege Tank  
  158  13:35  Marauder, Marine  
  158  13:38  Marine x2  
  158  13:39  Marauder x2  
  161  13:41  SCV  
  161  13:45  Command Center  
  162  13:48  Command Center  
  162  13:50  Liberator  
  162  13:53  Marauder, Marine  
  164  13:56  Marine x2  
  164  13:57  Marauder, Marine  
  164  14:00  Marauder, SCV  
  164  14:01  SCV x4  
  164  14:02  Marine  
  162  14:16  Marine x3  
  146  14:17  Marauder  
  146  14:19  Marauder, Marine x2  
  146  14:20  Marine x2  
  146  14:21  Marauder, SCV  
  146  14:23  SCV  
  152  14:28  Refinery  
  147  14:33  Medivac  
  147  14:34  Marauder, Marine  
  147  14:37  Marine  
  143  14:38  Marauder  
  143  14:39  SCV  
  143  14:41  Medivac  
  143  14:42  SCV  
  143  14:43  SCV  
  145  14:46  Marine  
  145  14:47  Marauder, SCV, Marine  
  145  14:50  Marine  
  145  14:51  Marine  
  151  14:53  Marine  
  151  14:55  Siege Tank  
  151  14:57  SCV  
  151  14:59  Refinery  
  156  15:01  Orbital Command  
  156  15:03  Medivac, Orbital Command  
  156  15:06  SCV  
  160  15:07  SCV, Marine  
  160  15:10  Marine x2  
  160  15:11  Medivac, Marine  
  166  15:19  SCV x3  
  166  15:20  Marine x2  
  171  15:23  SCV  
  171  15:26  SCV  
  176  15:28  Marine x2  
  176  15:31  SCV  

Tags
 
Add a new tag
Caveats
  • Supply blocks, unpowered buildings, or Contaminate may cause inaccurate times.
  • Supply counts are checked every 10 seconds.